 Dungeon Crawl Stone Soup version 0.22-a0-159-g7ce444f (webtiles) character file.

14 Azzok the Vexing (level 2, 0/15 HPs)
             Began as a Deep Elf Enchanter on Feb 9, 2018.
             Slain by a giant cockroach (1 damage)
             ... on level 2 of the Dungeon.
             The game lasted 00:01:06 (509 turns).

Azzok the Vexing (Deep Elf Enchanter)                Turns: 509, Time: 00:01:07

Health: 0/15       AC:  2    Str:  5    XL:     2   Next: 31%
Magic:  1/8        EV: 13    Int: 19    God:
Gold:   0          SH:  0    Dex: 15    Spells: 4/7 levels left

rFire    . . .     SeeInvis .   a - +1 dagger
rCold    . . .     Gourm    .   (no shield)
rNeg     . . .     Faith    .   b - +0 robe
rPois    .         Spirit   .   (no helmet)
rElec    .         Reflect  .   (no cloak)
rCorr    .         Harm     .   (no gloves)
MR       .....                  (no boots)
Stlth    +++.......             (no amulet)
HPRegen  0.05/turn              (no ring)
MPRegen  0.11/turn              (no ring)

@: no status effects
A: no striking features
a: no special abilities


You were on level 2 of the Dungeon.
You were not hungry.

You visited 1 branch of the dungeon, and saw 2 of its levels.

Inventory:

Hand Weapons
 a - a +1 dagger (weapon)
Armour
 b - a +0 robe (worn)
Scrolls
 e - a scroll of amnesia {unknown}
 f - a scroll of identify {unknown}
Books
 c - a book of Maledictions

   Spells                             Type                      Level
   a - Corona                         Hexes                        1
   b - Ensorcelled Hibernation        Hexes/Ice                    2
   c - Confuse                        Hexes                        3
   d - Tukima's Dance                 Hexes                        3
   e - Dazzling Spray                 Conjuration/Hexes            3
Comestibles
 d - a ration
 g - a chunk of flesh


   Skills:
 + Level 1.6 Short Blades
 - Level 2.4 Dodging
 + Level 4.0 Stealth
 - Level 3.0 Spellcasting
 + Level 4.3 Hexes


You had 4 spell levels left.
You knew the following spells:

 Your Spells              Type           Power        Failure   Level  Hunger
a - Corona                Hex            ###....      2%          1    None
b - Ensorcelled Hibernat  Hex/Ice        ##....       10%         2    ##.....


Dungeon Overview and Level Annotations

Branches:
Dungeon (2/15)

Altars:


Message History

You barely miss the giant cockroach. The giant cockroach closely misses you.
The giant cockroach barely misses you.
The giant cockroach waves its antennae.
The giant cockroach barely misses you.
There is a stone staircase leading down here.
The giant cockroach bites you.
* * * LOW HITPOINT WARNING * * *
You climb downwards.
There is a stone staircase leading up here.
You hit the giant cockroach but do no damage.
The giant cockroach bites you but does no damage.
You hit the giant cockroach but do no damage.
The giant cockroach closely misses you.
You hit the giant cockroach.
The giant cockroach is severely wounded.
The giant cockroach closely misses you.
You hit the giant cockroach but do no damage.
The giant cockroach is severely wounded.
The giant cockroach bites you.
You die...

▒▒▒▒
▒··▒
▒·s▒
▒·@▒
▒▒·▒
··▒
···▒
····▒
······
·▒▒▒▒▒▒
··


You could see a giant cockroach.

Vanquished Creatures
  An ooze (D:1)
  A giant cockroach (D:1)
  2 goblins (D:1)
  2 bats (D:1)
  A frilled lizard (D:1)
  A kobold (D:1)
  4 rats (D:1)
12 creatures vanquished.

Notes
Turn   | Place    | Note
-------+----------+-------------------------------------------
     0 | D:1      | Azzok the Deep Elf Enchanter began the quest for the Orb.
     0 | D:1      | Reached XP level 1. HP: 10/10 MP: 6/6
   223 | D:1      | Reached XP level 2. HP: 8/15 MP: 6/8
   446 | D:1      | Learned a level 2 spell: Ensorcelled Hibernation
   509 | D:2      | Slain by a giant cockroach

Vault maps used:
D:1:      sevenhm_arrival_forest_fort_small_1
D:2:      nicolae_ru_path_of_blood, lemuel_doored_altar

Skill      XL: |  1  2 |
---------------+-------+-----
Stealth        | 4 |  4.0
Short Blades   | |  1.6
Dodging        | |  2.4
Spellcasting   | |  3.0
Hexes          | |  4.3

Action                   || total
-------------------------++-------
Melee: Dagger            ||    35
 Cast: Corona            ||     6
       Ensorcelled Hiber ||     5
 Stab: Sleeping          ||     5
Armor: Robe              ||     6
Dodge: Dodged            ||    27

Table legend:
 A = Spawn XP
 B = Non-spawn XP
 C = Spawn XP percentage of total XP
 D = Spawn monster count
 E = Non-spawn monster count
 F = Spawn count percentage of total count
 G = Total turns spent on level
                    A         B        C        D         E        F      G
               +---------+---------+-------+---------+---------+-------+---------
         Total |       0 |      21 |   0.0 |       0 |      12 |   0.0 |   509
               +---------+---------+-------+---------+---------+-------+---------
           D:1 |       0 |      21 |   0.0 |       0 |      12 |   0.0 |   505
               +---------+---------+-------+---------+---------+-------+---------
